 Dungeon Crawl Stone Soup version 0.27-a0-1186-g8b4daa1eef (webtiles) character file.

Game seed: 4429773163725174044

2 freelancePsychic the Caller (level 1, -2/13 HPs)
             Began as a Merfolk Summoner on May 20, 2021.
             Killed from afar by a dart slug (3 damage)
             ... with a slug dart
             ... on level 1 of the Dungeon.
             The game lasted 00:00:55 (591 turns).

freelancePsychic the Caller (Merfolk Summoner)       Turns: 591, Time: 00:00:56

Health: -2/13      AC:  2    Str:  8    XL:     1   Next: 40%
Magic:  1/3        EV: 12    Int: 14    God:
Gold:   0          SH:  0    Dex: 14    Spells: 3/4 levels left

rFire    . . .     SeeInvis .   b - +0 dagger
rCold    . . .     Faith    .   (no shield)
rNeg     . . .     Spirit   .   a - +0 robe
rPois    .         Reflect  .   (no helmet)
rElec    .         Harm     .   (no cloak)
rCorr    .         Rampage  .   (no gloves)
Will     .....                  (no boots)
Stlth    ++........             (no amulet)
HPRegen  0.04/turn              (no ring)
MPRegen  0.08/turn              (no ring)

@: no status effects
A: (nimble swimmer 2), mertail
a: no special abilities


You were on level 1 of the Dungeon.
You visited 1 branch of the dungeon, and saw 1 of its levels.

Inventory:

Hand Weapons
 b - a +0 dagger (weapon)
Armour
 a - a +0 robe (worn)


   Skills:
 - Level 2.6 Dodging
 - Level 2.1 Stealth
 + Level 2.0 Spellcasting
 + Level 4.0 Summonings
 + Level 0.2 Ice Magic


You had 3 spell levels left.
You knew the following spells:

 Your Spells              Type           Power      Damage    Failure   Level
a - Summon Small Mammal   Summ           48%        N/A       4%          1

Your spell library contained the following spells:

 Spells                   Type           Power      Damage    Failure   Level
 Call Imp                 Summ           12%        N/A       7%          2
 Call Canine Familiar     Summ           12%        N/A       14%         3
 Summon Guardian Golem    Hex/Summ       7%         N/A       30%         3
 Summon Ice Beast         Ice/Summ       7%         N/A       67%         4
 Summon Lightning Spire   Summ/Air       7%         N/A       71%         4


Dungeon Overview and Level Annotations

Branches:
Dungeon (1/15)

Altars:


Innate Abilities, Weirdness & Mutations

((You are quick and stealthy near water. (Stealth+, EV+, Speed+++)))
Your lower body shifts to a powerful aquatic tail in water.


Message History

Casting: Summon Small Mammal (safe; 4% risk of failure)
Confirm with . or Enter, or press ? or * to list all spells.
The quokka closely misses you. The ball python barely misses you. x2
Casting: Summon Small Mammal (safe; 4% risk of failure)
Confirm with . or Enter, or press ? or * to list all spells.
The quokka misses you.
The ball python bites you but does no damage.
The ball python grabs you. The ball python constricts you.
Casting: Summon Small Mammal (safe; 4% risk of failure)
Confirm with . or Enter, or press ? or * to list all spells.
The quokka bites you but does no damage.
The ball python barely misses you. The ball python constricts you.
Your quokka bites the quokka.
The quokka bites you.
The ball python bites you but does no damage.
The ball python constricts you.
You escape the ball python's grasp.
Your quokka barely misses the quokka.
The quokka twitches its whiskers.
Something barely misses your quokka. Something grabs your quokka.
Your quokka is constricted.
Your quokka bites the quokka.
The quokka dies!
Your rat bites the ball python.
The ball python dies!
You start resting.
Something closely misses your quokka.
You start resting.
Something barely misses your quokka.
You start resting.
Something barely misses your quokka.
You swap places.
The dart slug barely misses your quokka.
The dart slug launches a dart at you. The slug dart misses your quokka.
The slug dart hits you.
* * * LOW HITPOINT WARNING * * *
Your quokka barely misses the dart slug.
The dart slug closely misses your quokka.
Your quokka bites the dart slug but does no damage.
Your quokka bites the dart slug.
Your quokka bites the dart slug.
The dart slug launches a dart at you. The slug dart hits you.
You die...

###....#...###≈≈≈≈≈≈≈≈≈≈≈
##.....###### #≈♣.≈≈♣♣♣≈≈.
...>.....# #≈♣P≈≈♣PP≈≈♣
.####....# #≈♣♣≈≈P♣♣≈≈♣
####.## #≈P♣≈≈♣P♣≈≈. #..#
#≈♣♣≈≈PP♣≈≈P ##.##
#≈♣P≈≈♣.♣≈≈♣ #.########rr#
#≈P♣≈≈PP♣≈≈.
#..(.....w.@#####≈.P≈≈≈≈≈≈≈P
#........r#.#...#≈PP≈.....≈P
$............#...#≈≈≈≈.###.≈≈
##.........#.#<..'.....#§#...
#....?....#.#...#≈≈≈≈.###.≈≈
#...##.....#.#...#≈..≈.....≈.
#l.$ #.....#$#####≈PP≈≈≈≈≈≈≈P
#.# ..###.#.. #≈PP≈≈.PP≈≈♣
#≈♣P≈≈.PP≈≈


You could see a dart slug (ally target), 2 friendly quokkas and a friendly rat
(summoned).

Vanquished Creatures (collateral kills)
  2 goblins (D:1)
  A quokka (D:1)
  A ball python (D:1)
4 creatures vanquished.

Notes
Turn   | Place    | Note
-------+----------+-------------------------------------------
     0 | D:1      | freelancePsychic the Merfolk Summoner began the quest for
                  | the Orb.
     0 | D:1      | Reached XP level 1. HP: 13/13 MP: 3/3
   591 | D:1      | Killed from afar by a dart slug

Illustrated notes

Levels and vault maps discovered:
D:1:      lightli_arrival_farm, layout_basic,
          shapermc_ecumenical_altar_mp_highgroup, minmay_tetromino_o2

Action                   || total
-------------------------++-------
Melee: Dagger            ||     3
       Unarmed           ||     1
 Cast: Summon Small Mamm ||     7
Armor: Robe              ||     3
Dodge: Dodged            ||    13

Table legend: (Time is in decaauts)
 A = Elapsed time spent in this place.
 B = Non-inter-level travel time spent in this place.
 C = Inter-level travel time spent in this place.
 D = Time resting spent in this place.
 E = Time spent auto-exploring this place.
 F = Levels seen in this place.
 G = Mean time per level.
                   A        B        C        D        E       F      G
               +--------+--------+--------+--------+--------+-----+--------+
         Total |    579 |    579 |      0 |      5 |    530 |   1 |  579.0 |
       Dungeon |    579 |    579 |      0 |      5 |    530 |   1 |  579.0 |
               +--------+--------+--------+--------+--------+-----+--------+

Top non-repeatable levels by time:
     D:1: 579 daAuts
